 Dungeon Crawl Stone Soup version 0.32-a0-705-g60f233581c (webtiles) character file.

Game seed: 13750816613130920499

5395 Leszczynek the Toxicologist (level 10, -1/98 HPs)
             Began as an Oni Alchemist on Mar 6, 2024.
             Was an Elder of Sif Muna.
             Slain by an ogre mage
             ... wielding a +0 halberd
              (3 damage)
             ... on level 8 of the Dungeon on Mar 14, 2024.
             The game lasted 00:57:15 (6797 turns).

Leszczynek the Toxicologist (Oni Alchemist)         Turns: 6797, Time: 00:57:16

Health: -1/98      AC:  7    Str: 14    XL:     10   Next: 66%
Magic:  9/14       EV:  9    Int: 18    God:    Sif Muna [****..]
Gold:   1316       SH:  0    Dex: 11    Spells: 4/15 levels left

rFire   . . .        i - +2 morningstar (freeze)
rCold   . . .        (no shield)
rNeg    . . .        k - +0 steam dragon scales
rPois   .            q - +1 hat
rElec   .            (no cloak)
rCorr   .            (gloves unavailable)
SInv    .            (boots unavailable)
Will    ++...        (no amulet)
Stlth   ++           j - ring of willpower
HPRegen 0.36/turn    (no ring)
MPRegen 0.14/turn

%: no passive effects
@: mighty, brilliant, radiating poison
A: large, unfitting armour, horns 1, tough skin 1, double potion healing,
drunken brawling
a: Renounce Religion, Channel Magic, Forget Spell, Divine Exegesis


You were on level 8 of the Dungeon.
You worshipped Sif Muna.
Sif Muna was greatly pleased with you.
You visited 1 branch of the dungeon, and saw 8 of its levels.

You collected 1316 gold pieces.

Inventory:

Hand Weapons
 a - a +2 short sword of draining
 d - a +2 short sword of holy wrath
 h - a +3 mace
 i - a +2 morningstar of freezing (weapon)
 A - a +0 broad axe
Missiles
 e - 3 throwing nets
 y - 8 large rocks
 H - a curare-tipped dart
Armour
 g - the +2 shield of Resistance {rF++ rC++ Will++}
   (You acquired it on level 7 of the Dungeon)

   rF++:      It greatly protects you from fire.
   rC++:      It greatly protects you from cold.
   Will++:    It greatly increases your willpower.
 k - +0 steam dragon scales (worn)
 q - a +1 hat (worn)
 x - +0 acid dragon scales
Jewellery
 j - a ring of willpower (left hand)
Wands
 m - a wand of flame (12)
 r - a wand of warping (19)
 B - a wand of polymorph (7)
Scrolls
 c - 2 scrolls of enchant armour
 f - a scroll of teleportation
 l - a scroll of brand weapon {unknown}
 s - a scroll of revelation {unknown}
 t - a scroll of vulnerability {unknown}
 u - a scroll of immolation {unknown}
 w - a scroll of butterflies
 C - a scroll of amnesia
 E - a scroll of enchant weapon {unknown}
 I - a scroll of fog
Potions
 n - 2 potions of haste
 o - a potion of ambrosia {unknown}
 p - a potion of lignification {unknown}
 v - 2 potions of brilliance
 z - a potion of enlightenment {unknown}
 D - a potion of might
 F - a potion of curing {@q1}


   Skills:
 + Level 5.8 Fighting
 - Level 5.7(6.5) Axes
 * Level 4.7(6.0) Maces & Flails
 - Level 3.3 Dodging
 - Level 1.4 Stealth
 - Level 3.0 Spellcasting
 - Level 6.3 Conjurations
 - Level 2.5 Fire Magic
 - Level 3.0 Air Magic
 - Level 8.0 Alchemy
 - Level 4.0 Invocations


You had 4 spell levels left.
You knew the following spells:

 Your Spells              Type           Power      Damage    Failure   Level
a - Sting                 Conj/Alch      100%       1d9       1%          1
b - Mercury Vapours       Alch/Air       66%        N/A       2%          2
c - Olgreb's Toxic Radia  Alch           47%        N/A       6%          4
d - Mephitic Cloud        Conj/Alch/Air  35%        N/A       4%          3
e - Foxfire               Conj/Fire      100%       2x1d9     2%          1

Your spell library contained the following spells:

 Spells                   Type           Power      Damage    Failure   Level
 Sticky Flame             Fire/Alch      32%        2d7       19%         4
 Fugue of the Fallen      Necr           4%         N/A       43%         3
 Gell's Gravitas          Tloc           4%         N/A       43%         3
 Ozocubu's Armour         Ice            4%         N/A       43%         3
 Summon Ice Beast         Ice/Summ       4%         N/A       43%         3
 Teleport Other           Tloc           4%         N/A       43%         3
 Tukima's Dance           Hex            4%         N/A       43%         3
 Manifold Assault         Tloc           4%         N/A       85%         4
 Passage of Golubria      Tloc           4%         N/A       85%         4
 Yara's Violent Unravell  Hex/Alch       12%        3d7       65%         5
 Summon Mana Viper        Hex/Summ       4%         N/A       99%         5
 Starburst                Conj/Fire      13%        6d6       99%         6
 Dispersal                Tloc           2%         N/A       100%        6
 Plasma Beam              Fire/Air       9%         2x1d19    100%        6
 Monstrous Menagerie      Summ           2%         N/A       100%        7


Dungeon Overview and Level Annotations

Branches:
Dungeon (8/15)             Temple (0/1) D:7
   Lair: D:8-11

Altars:
Elyvilon
Gozag
Sif Muna
Trog
Yredelemnul

Annotations:
D:5 2 transporters, gruber's ghost, novice CoHu


Innate Abilities, Weirdness & Mutations

You are too large for most types of armour.
You have a pair of small horns on your head.
You have tough skin. (AC +1)
You gain doubled healing and magic from potions.
Whenever you drink a healing potion, you attack all around you.


Message History

Casting: Olgreb's Toxic Radiance (dangerous; 6% risk of failure)
Confirm with . or Enter, or press ? or * to list all spells.
You begin to radiate toxic energy.
The ogre mage is poisoned.
The steam dragon is poisoned.
The centaur is poisoned.
The centaur looks even sicker.
The centaur hits you with a +2 mace of protection.
* * * LOW HITPOINT WARNING * * *
The centaur barely misses you.
The ogre mage hits you from afar with a +0 halberd!
* * * LOW HITPOINT WARNING * * *
Unknown command.
Unknown command.
It was a potion of brilliance.
You feel clever all of a sudden.
The ogre mage looks even sicker.
Your toxic aura wanes.
The centaur hits you with a +2 mace of protection.
* * * LOW HITPOINT WARNING * * *
The centaur misses you.
The centaur hits you with a +2 mace of protection.
* * * LOW HITPOINT WARNING * * *
The centaur kicks you.
* * * LOW HITPOINT WARNING * * *
Unknown command.
Unknown command.
It was a potion of might.
You feel very mighty all of a sudden.
The ogre mage mumbles some strange words.
The ogre mage flickers and vanishes!
Deactivating autopickup; reactivate with Ctrl-A.
The centaur hits you with a +2 mace of protection.
* * * LOW HITPOINT WARNING * * *
The centaur kicks you but does no damage.
Casting: Olgreb's Toxic Radiance (dangerous; 6% risk of failure)
Confirm with . or Enter, or press ? or * to list all spells.
You feel a surge of power!
You begin to radiate toxic energy.
You kill the centaur!
Sif Muna accepts your kill. Something hits you.
You die...

####### #...# ...# #......###.
......# #...##...# #..........
......# #...##...# #..........
......#####...##...#####....#....
..>.............†..##.......#....
..........D......................
.........##.#.{.....#....#######.
.........##...#$##..##'#.#######.
.........###..#.@#..........(....
....##...###.#.#.#.###.[.........
.........##).#.#...###.###...###.
.........##.##.##................
.........#..#.†.#...##)#####.###.
####...###.##...##..##.# #..##.
####{..##..#.#'#.#..##.######.##.
...?...##.##.#.#.##.##.))...#..#.
.......#..#.##.##.#..#.).........


There were no monsters in sight!

Vanquished Creatures
  Pikel (D:6)
  An ugly thing (D:8)
  Maggie (D:6)
  Prince Ribbit (D:6)
  Grinder (D:4)
  2 yaks (D:8)
  A basilisk (shapeshifter) (D:8)
  Edmund (D:6)
  2 steam dragons (D:8)
  An acid dragon (D:8)
  A black bear (D:7)
  2 orc warriors
  3 centaurs
  4 ogres
  3 lemures
  A phantom (D:4)
  2 kobold brigands
  2 gnoll sergeants
  4 scorpions
  4 wights (D:8)
  8 killer bees (D:8)
  A howler monkey (D:8)
  3 bombardier beetles
  5 orc priests
  5 hounds
  5 jellies
  A sleepcap (D:5)
  3 iguanas
  5 orc wizards
  Ijyb (D:5)
  6 gnolls
  10 adders
  A shadow imp (D:6)
  A white imp (D:7)
  4 ufetubi
  4 dart slugs
  22 orcs
  4 endoplasms
  2 giant cockroaches
  18 goblins
  8 hobgoblins
  3 jackals (D:3)
  4 quokkas
  9 ball pythons
  4 bats
  10 frilled lizards
  16 kobolds
201 creatures vanquished.

Vanquished Creatures (others)
  27 foxfires
27 creatures vanquished.

Grand Total: 228 creatures vanquished

Notes
Turn   | Place    | Note
-------+----------+-------------------------------------------
     0 | D:1      | Leszczynek the Oni Alchemist began the quest for the Orb.
     0 | D:1      | Reached XP level 1. HP: 16/16 MP: 3/3
    47 | D:1      | Reached skill level 1 in Conjurations
   133 | D:1      | Reached XP level 2. HP: 26/26 MP: 1/5
   144 | D:1      | Learned a level 2 spell: Mercury Vapours
   183 | D:1      | Reached skill level 1 in Fighting
   183 | D:1      | Reached skill level 3 in Alchemy
   565 | D:1      | Reached XP level 3. HP: 33/33 MP: 4/6
   705 | D:2      | Reached skill level 2 in Conjurations
   757 | D:2      | Reached skill level 2 in Fighting
   757 | D:2      | Reached skill level 1 in Air Magic
   757 | D:2      | Reached XP level 4. HP: 33/42 MP: 0/7
   952 | D:2      | Found a shimmering blue altar of Sif Muna.
   960 | D:2      | Became a worshipper of Sif Muna the Loreminder
  1025 | D:2      | Learned a level 4 spell: Olgreb's Toxic Radiance
  1108 | D:3      | Upgraded the game from 0.32-a0-630-g46d191b0ed to
                  | 0.32-a0-699-g1ee5eff69a
  1146 | D:3      | Reached XP level 5. HP: 48/50 MP: 3/8
  1198 | D:3      | Found a basalt altar of Yredelemnul.
  1256 | D:3      | Found a white marble altar of Elyvilon.
  1543 | D:3      | Reached * piety under Sif Muna
  1626 | D:3      | Noticed an ogre
  1627 | D:3      | i made a mistake
  1676 | D:3      | Killed an ogre
  1677 | D:3      | Reached skill level 4 in Alchemy
  1677 | D:3      | Reached XP level 6. HP: 59/59 MP: 4/9
  1680 | D:3      | it wasn't a mistake after all
  1748 | D:3      | Found a faded altar of an unknown god.
  1987 | D:4      | Reached skill level 3 in Fighting
  2008 | D:4      | Noticed Grinder
  2081 | D:4      | Reached skill level 2 in Air Magic
  2167 | D:4      | Reached skill level 3 in Conjurations
  2372 | D:5      | Entered Level 5 of the Dungeon
  2374 | D:5      | Found a transporter.
  2377 | D:5      | Noticed gruber's ghost (novice CoHu)
  2378 | D:5      | Identified the +9 great mace of Instant Death {flame,
                  | Str+2}
  2383 | D:5      | Found a transporter.
  2543 | D:5      | Reached skill level 5 in Alchemy
  2543 | D:5      | Reached XP level 7. HP: 64/67 MP: 3/11
  2650 | D:5      | Reached skill level 3 in Spellcasting
  2652 | D:5      | Reached ** piety under Sif Muna
  2788 | D:4      | oops
  2817 | D:4      | Paralysed by Grinder for 5 turns
  2827 | D:4      | HP: 12/67 [Grinder (9)]
  2843 | D:4      | HP: 13/67 [Grinder (5)]
  2847 | D:4      | Paralysed by Grinder for 5 turns
  2861 | D:4      | Killed Grinder
  2872 | D:4      | ez
  2924 | D:4      | Reached skill level 4 in Conjurations
  2924 | D:4      | Reached skill level 6 in Alchemy
  3124 | D:5      | Reached XP level 8. HP: 75/75 MP: 7/12
  3285 | D:5      | Reached skill level 3 in Air Magic
  3327 | D:5      | Noticed Ijyb
  3340 | D:5      | Killed Ijyb
  3436 | D:5      | Reached skill level 7 in Alchemy
  3440 | D:5      | Learned a level 3 spell: Mephitic Cloud
  3502 | D:5      | Reached skill level 4 in Fighting
  3546 | D:6      | Found an opulent altar of Gozag.
  3592 | D:6      | Noticed Edmund
  3607 | D:6      | Reached skill level 5 in Fighting
  3607 | D:6      | Reached skill level 1 in Invocations
  3757 | D:6      | Reached skill level 2 in Dodging
  3757 | D:6      | Reached skill level 2 in Invocations
  3877 | D:6      | Found a bloodstained altar of Trog.
  3896 | D:6      | Noticed Maggie
  3922 | D:6      | Killed Maggie
  3923 | D:6      | Reached skill level 3 in Dodging
  3923 | D:6      | Reached skill level 4 in Invocations
  3923 | D:6      | Reached XP level 9. HP: 88/88 MP: 1/13
  4113 | D:6      | Noticed Pikel
  4125 | D:6      | Killed Pikel
  4129 | D:6      | Reached skill level 5 in Conjurations
  4221 | D:6      | Upgraded the game from 0.32-a0-699-g1ee5eff69a to
                  | 0.32-a0-705-g60f233581c
  4567 | D:6      | Noticed Prince Ribbit
  4572 | D:6      | Reached *** piety under Sif Muna
  4582 | D:6      | Killed Prince Ribbit
  4583 | D:6      | Reached skill level 8 in Alchemy
  4680 | D:6      | Killed Edmund
  4681 | D:6      | Reached skill level 6 in Conjurations
  4681 | D:6      | Reached skill level 1 in Maces & Flails
  4742 | D:6      | Identified a scroll of acquirement
  4742 | D:6      | Acquired 804 gold pieces
  4744 | D:6      | absolute shit
  4744 | D:6      | -tele robe, wowowowwo
  4746 | D:6      | Learned a level 1 spell: Foxfire
  4803 | D:7      | Reached skill level 1 in Fire Magic
  4882 | D:7      | Reached skill level 2 in Maces & Flails
  4882 | D:7      | Reached skill level 2 in Fire Magic
  5126 | D:7      | Found a staircase to the Ecumenical Temple.
  5211 | D:7      | another one
  5211 | D:7      | Acquired the +2 shield of Resistance {rF++ rC++ Will++}
  5211 | D:7      | Found the +2 shield of Resistance {rF++ rC++ Will++}
  5212 | D:7      | okay, i'm switching to melee
  5249 | D:7      | Reached skill level 1 in Axes
  5249 | D:7      | Reached XP level 10. HP: 80/96 MP: 6/14
  5490 | D:8      | Reached skill level 2 in Axes
  5564 | D:8      | Reached skill level 3 in Axes
  5663 | D:8      | Reached skill level 4 in Axes
  5773 | D:8      | Reached skill level 5 in Axes
  5981 | D:8      | Reached **** piety under Sif Muna
  6253 | D:8      | Identified the +0 leather armour of Akeuk {+Blink rElec
                  | Dex+2}
  6258 | D:8      | Reached skill level 3 in Maces & Flails
  6260 | D:8      | HP: 17/96 [wyvern (16)]
  6512 | D:8      | Noticed a brown ugly thing
  6528 | D:8      | Killed a purple ugly thing
  6529 | D:8      | Reached skill level 4 in Maces & Flails
  6530 | D:8      | brown ugly thing basks in my what?
  6530 | D:8      | it changes color from my dark grey contam from previous
                  | miscast?
  6530 | D:8      | wow
  6607 | D:8      | wait
  6607 | D:8      | is this some meta tactic
  6607 | D:8      | to learn uncastable low level spell
  6607 | D:8      | then fail to cast it in order to change ugly thing's color?
  6678 | D:8      | Found a runed translucent door.
  6719 | D:8      | Noticed an ogre mage
  6719 | D:8      | Found the +1 cloak of Starlight {*Dazzle EV+4 Stlth--}
  6726 | D:8      | a hog changed into a meliai
  6726 | D:8      | Noticed a meliai (shapeshifter)
  6728 | D:8      | a meliai changed into a basilisk
  6779 | D:8      | Paralysed by something for 5 turns
  6794 | D:8      | HP: 12/98 [ogre mage/+0 halberd (10)]
  6795 | D:8      | HP: 4/98 [centaur/+2 mace of protection (3)]
  6796 | D:8      | HP: 1/98 [centaur/+2 mace of protection (3)]
  6797 | D:8      | Slain by an ogre mage

Illustrated notes .........# #.........#..# .........####.........#..#### #.#......##.................. .......####....#####...#..... ....####.......# Og#...#..... ....# #........# .g#...#..... ....# #........# gg#..##..# ....# #........##g#####.... ....###.........@.......... ....†..................^... ............PPP............ ............P....P.....### ♣P........P♣♣♣.♣♣♣..#...# P.........♣♣♣♣♣.....# ..# .......PPP♣♣♣P♣.P...# ..P ..........P.........# #. ..............###...# Turn 1627 on D:3: i made a mistake

.......###.....###.........####..
####...# ......###.#......##....
..###### #.#....#........####....
..########.#....#.....####.......
.............P..#.....# #........
................+.....# #........
.♣..........P♣.)#.....# #........
.P♣.........P...#.....###........
..♣♣♣.......♣♣P.@.....)..).......
.PP♣♣♣......P♣♣P.....)).......P.P
.P...♣.......♣♣.PP............P..
♣..P.♣...###.♣♣♣♣♣♣P........P♣♣♣.
♣....♣...# #..P..♣P.........♣♣♣♣♣
♣...♣♣#### ##............PPP♣♣♣P♣
♣♣♣P♣ #...............P.... ♣♣♣
#...................#
#................###


Turn 1680 on D:3: it wasn't a mistake after all #.# # # ##.#########
#.######.##$##....... ### ####.#......##.##.###### ..# #..................5)o..
#.# .## #.@5.........###### ....... #.##.#.......###### #.##.#
#.#.....!<.o##..... #....## #.#..#.#....##.#.## #>....# #.# # #....##.#.#
#[###.# #.# #....##.#.## ###.###.## #.# #$W..##.#... #........###.# #....##.#.#.
#............# #....##.#.#. Turn 2788 on D:4: oops ##
####.#......##.##.########.### .# #...................)...)....§ .# .##
#............########.### ...... #.##.#.......#######....# .##.#
#.#..†...<..##..........# ....## #.#..#.#....##.#.###....# >....#
#.#..#.#....##.#.# #....# [###.# #.#..#.#....##.#.###..### .###.##
#.#..#.#@...##.#...#<.... ......###.#....#....##.#.#.#####o
..........#.####....##.#.#....... .....####.#. #....##.#.######## .....# #....#
#.......#.. .....# #.##...#..#'###### ##### .....# #.# #..#........ #.... ######
#.# ..#..^.... #.### #.# .#...... #.# Turn 2872 on D:4: ez #.....# #.##.#.#
###.### #....#.# #.# #..###.# # #..###.# ####.#####......####### .....
..###...........# ##.####.# #.###.#.###.# ### .....##.###.###.#.## ###.##
##.#.#......##..@..# ##...###### ........###.##..#..# #.........#
##......###.##..#..##.##...####.# ###.###..............###.## #.#
##.###.####..###.######.#####.# #...##.#........#.......##..>..
#...##.#.##.......########.##.# #...##.#.##.##....#........##.#
###.).##......##.#.##........##.. Turn 4744 on D:6: absolute shit ..# ..# ...
#.# #.# #.# #.#### #@...# # ####.#.# .#######.#.# .. .........#.## #.
#..........# #. #..........# #. #......[##.# #. #.......##.# #. #.#...#.##.## #.
Turn 5211 on D:7: another one ..# ..# ... #.# #.# #.# #.#### #@...# # ####.#.#
.#######.#.# .. .........#.## #. #..........# #. #..........# #. #......[##.# #.
#.......##.# #. #.#...#.##.## #. Turn 5212 on D:7: okay, i'm switching to melee
#.......# #.......# #.......# #####...# #...# #...# #...# #...# #.@.# ####...#
..# #......#.... ##......#.... #............ #............ #............
#......########## #......####.)...# ## Turn 6530 on D:8: brown ugly thing basks
in my what? #.......... .........# #........ ....... ..... #(..# #####...#
#.....@.# #.......# #.......# #####...# #...# #...# #...# #...# #...# Turn 6607
on D:8: wait

Levels and vault maps discovered:
D:1:      saegor_arrival_simple_e, layout_rooms
D:2:      layout_rooms, basic_altar, minmay_tetromino_t4
D:3:      layout_basic, kennysheep_ying_yang, serial_forest,
          infiniplex_forest_end_3, infiniplex_forest_clump_curved,
          infiniplex_forest_lined_1, infiniplex_forest_straight_1,
          infiniplex_forest_lined_2, infiniplex_forest_clump_long,
          infiniplex_forest_corner_1, shapermc_ecumenical_altar_mp_urbaneastern,
          minmay_ogre_servants
D:4:      layout_basic, uniq_grinder
D:5:      layout_gridville, gammafunk_ghost_smash, uniq_ijyb
D:6:      layout_loops_cross, mainiacjoe_overflow_chevrons,
          mainiacjoe_overflow_alcove_2, uniq_maggie, uniq_pikel, uniq_edmund,
          uniq_prince_ribbit1
D:7:      layout_loops_ring, temple_statues
D:8:      minmay_the_grid_four_pointed_star
          [minmay_the_grid_triangle_9x9_thin_v,
          minmay_the_grid_triangle_9x9_subtriangle,
          minmay_the_grid_triangle_9x9_steps,
          minmay_the_grid_triangle_9x9_descending_squares,
          minmay_the_grid_prize_diamond_cup], layout_basic

Skill      XL: |  1  2  3  4  5  6  7  8  9 10 |
---------------+-------------------------------+-----
Conjurations   | 1 2 3 4 6 |  6.3
Fighting       | 1 2 3 5 |  5.8
Alchemy        | 3 4 5 6 7 8 |  8.0
Air Magic      | 1 2 3 |  3.0
Spellcasting   | 3 |  3.0
Invocations    | 4 |  4.0
Dodging        | 3 |  3.3
Maces & Flails | 2 4 |  4.7
Fire Magic     | 2 |  2.5
Axes           | 1 5 |  5.7
Stealth        | |  1.4

Action                     |  1- 3 |  4- 6 |  7- 9 | 10-12 || total
---------------------------+-------+-------+-------+-------++-------
  Melee: Dagger            |     6 |       |       |       ||     6
         Short sword       |    15 |    51 |   237 |    45 ||   348
         Headbutt          |     2 |     8 |    38 |    12 ||    60
         Hand axe          |       |    25 |       |       ||    25
         Unarmed           |       |       |    22 |       ||    22
         Morningstar       |       |       |       |    11 ||    11
   Cast: Sting             |    35 |    63 |    25 |       ||   123
         Mercury Vapours   |     4 |    17 |    23 |       ||    44
         Olgreb's Toxic Ra |       |       |    23 |    24 ||    47
         Mephitic Cloud    |       |       |     3 |     1 ||     4
         Foxfire           |       |       |     2 |    14 ||    16
  Evoke: Wand              |       |     2 |    11 |     5 ||    18
    Use: Scroll            |       |     5 |     8 |     3 ||    16
         Potion            |       |       |     7 |     4 ||    11
   Stab: Sleeping          |       |     1 |     2 |       ||     3
         Distracted        |       |       |       |     1 ||     1
 Armour: Robe              |    19 |   100 |   142 |       ||   261
         Skin              |       |       |     8 |       ||     8
         Steam dragon scal |       |       |    74 |    91 ||   165
  Dodge: Dodged            |    15 |    65 |   117 |    44 ||   241

Table legend: (Time is in decaauts)
 A = Elapsed time spent in this place.
 B = Non-inter-level travel time spent in this place.
 C = Inter-level travel time spent in this place.
 D = Time resting spent in this place.
 E = Time spent auto-exploring this place.
 F = Levels seen in this place.
 G = Mean time per level.
                   A        B        C        D        E       F      G
               +--------+--------+--------+--------+--------+-----+--------+
         Total |   6805 |   5567 |   1238 |    958 |     15 |   8 |  850.6 |
       Dungeon |   6805 |   5567 |   1238 |    958 |     15 |   8 |  850.6 |
               +--------+--------+--------+--------+--------+-----+--------+

Top non-repeatable levels by time:
     D:8: 1337 daAuts
     D:5: 1246 daAuts
     D:6: 877 daAuts
     D:3: 808 daAuts
     D:4: 784 daAuts
     D:7: 645 daAuts
     D:1: 586 daAuts
     D:2: 518 daAuts
